 Dungeon Crawl Stone Soup version 0.19.0-24-gb05acd6 (webtiles) character file.

65 Erac the Conjurer (level 3, -4/21 HPs)
             Began as a High Elf Conjurer on Nov 21, 2016.
             Slain by a gnoll
             ... wielding a +0 spear
              (9 damage)
             ... on level 2 of the Dungeon.
             The game lasted 00:03:54 (1366 turns).

Erac the Conjurer (High Elf Conjurer)               Turns: 1366, Time: 00:03:55

Health: -4/21      AC:  2    Str:  7    XL:     3   Next: 94%
Magic:  0/7        EV: 13    Int: 20    God:
Gold:   76         SH:  0    Dex: 15    Spells: 1 memorised, 5 levels left

rFire  . . .     SeeInvis .     m - +0 short sword
rCold  . . .     Gourm    .     a - +0 robe
rNeg   . . .     Faith    .     (no shield)
rPois  .         Spirit   .     (no helmet)
rElec  .         Reflect  .     (no cloak)
rCorr  .         Harm     .     (no gloves)
MR     .....                    (no boots)
Stlth  ++........               (no amulet)
                                (no ring)
                                (no ring)

@: no status effects
A: no striking features
a: no special abilities


You were on level 2 of the Dungeon.
You were not hungry.

You visited 1 branch of the dungeon, and saw 2 of its levels.

You collected 76 gold pieces.

Inventory:

Hand Weapons
 e - a +4 dagger of holy wrath
 m - a +0 short sword (weapon)
Armour
 a - a +0 robe (worn)
Jewellery
 d - an uncursed ring of wizardry {unknown}
 i - an uncursed ring of positive energy {unknown}
 n - an uncursed ring of protection from cold {unknown}
 o - a cursed -6 ring of evasion {unknown}
Scrolls
 h - 2 scrolls of random uselessness {unknown}
 k - a scroll of teleportation {unknown}
Potions
 f - 2 potions of haste {unknown}
 g - a potion of resistance {unknown}
 l - a potion of cancellation {unknown}
 q - a potion of agility {unknown}
Books
 b - a book of Conjurations

   Spells                             Type                      Level
   a - Magic Dart                     Conjuration                  1
   b - Searing Ray                    Conjuration                  2
   c - Dazzling Spray                 Conjuration/Hexes            3
   d - Fulminant Prism                Conjuration/Hexes            4
   e - Iskenderun's Mystic Blast      Conjuration                  4
   f - Iskenderun's Battlesphere      Conjuration/Charms           5
Comestibles
 c - 3 bread rations
 j - 2 meat rations


   Skills:
 - Level 2.1 Dodging
 - Level 2.1 Stealth
 - Level 2.4 Spellcasting
 * Level 6.1 Conjurations


You had 5 spell levels left.
You knew the following spells:

 Your Spells              Type           Power        Failure   Level  Hunger
a - Magic Dart            Conj           ####         1%          1    #......


Dungeon Overview and Level Annotations

Branches:
Dungeon (2/15)

Altars:
Fedhas


Message History

You are held in a net!
You struggle against the net.
You struggle against the net.
The gnoll hits you with a spear. The gnoll hits you with a whip.
You shred the net and break free! The gnoll hits you with a spear.
The gnoll closely misses you.
You hit the gnoll but do no damage.
The gnoll is moderately wounded.
The gnoll hits you with a spear.
* * * LOW HITPOINT WARNING * * *
The gnoll closely misses you.
Casting: Magic Dart
Confirm with . or Enter, or press ? or * to list all spells.
Aiming: Magic Dart
Press: ? - help, Shift-Dir - straight line, f/p - gnoll
Aim: a gnoll, wielding a whip (moderately wounded)
The magic dart hits the gnoll.
The gnoll is severely wounded.
The gnoll hits you with a spear!
You die...

.. # .. #.### #. #.##.
.. #.#.. ####. #.#..
#....# ########....
..... ......<....
#.g### #.#..#.... #g@.#
#......#..
...####.#######..#####.
.......)..........#####
....###.#######........
.. #.#####....######
#.>#....#......##
##...#####.#.....
.....................
.....#######.#.#.....


You could see 2 gnolls.

Vanquished Creatures
  An adder (D:2)
  A gnoll (D:2)
  A dart slug (D:1)
  2 leopard geckos
  7 bats
  10 goblins
  5 hobgoblins
  3 jackals (D:1)
  2 quokkas (D:2)
  A frilled lizard (D:2)
  4 kobolds (D:1)
  2 rats (D:1)
39 creatures vanquished.

Notes
Turn   | Place    | Note
-------+----------+-------------------------------------------
     0 | D:1      | Erac the High Elf Conjurer began the quest for the Orb.
     0 | D:1      | Reached XP level 1. HP: 11/11 MP: 4/4
   181 | D:1      | Reached XP level 2. HP: 3/17 MP: 0/6
   192 | D:1      | Reached skill level 5 in Conjurations
   961 | D:1      | Reached XP level 3. HP: 21/21 MP: 1/7
  1245 | D:2      | Found a blossoming altar of Fedhas.
  1361 | D:2      | Reached skill level 6 in Conjurations
  1366 | D:2      | Slain by a gnoll

Skill      XL: |  1  2  3 |
---------------+----------+-----
Conjurations   | 5 6 |  6.1
Dodging        | |  2.1
Stealth        | |  2.1
Spellcasting   | |  2.4

Action                   || total
-------------------------++-------
Melee: Short sword       ||     5
 Cast: Magic Dart        ||    70
  Eat: Chunk             ||     2
Armor: Robe              ||     3
Dodge: Dodged            ||    31
